SNL (28 & UNDER)
GAINESVILLE GUIDOS @ SALEM SILVER SOULS
04/09/2028
 
TOP OF THE 1ST
Gainesville Guidos batting - Pitching for Salem Silver Souls : RHP António Rodríguez
Pitching: RHP António Rodríguez
Batting: SHB Cornell Payne 0-0: Called Strike
0-1: Ball
1-1: Ball
2-1: Ball
3-1: Base on Balls
Batting: RHB Adrián López 0-0: Ball
1-0: Ball
2-0: Grounds into double play, 5-4-3 (Groundball, 5)
Batting: LHB Eddy Jefferson 0-0: Called Strike
0-1: Ball
1-1: Swinging Strike
1-2: Foul Ball, location: 2F
1-2: Ball
2-2: Strikes out swinging
Top of the 1st over - 0 run(s), 0 hit(s), 0 error(s), 0 left on base; Gainesville 0 - Salem 0
BOTTOM OF THE 1ST
Salem Silver Souls batting - Pitching for Gainesville Guidos : RHP Rodney Hall
Pitching: RHP Rodney Hall
Batting: LHB Joel Nelson 0-0: Called Strike
0-1: Ball
1-1: Ball
2-1: Foul Ball, location: 2F
2-2: Ball
3-2: Base on Balls
Batting: LHB Hamilton Hughes 0-0: Called Strike
0-1: Swinging Strike
0-2: Foul Ball, location: 2F
0-2: Foul Ball, location: 2F
0-2: Ball
1-2: Ball
2-2: Strikes out swinging
Joel Nelson steals 2nd base
Batter strikes out.
Batting: LHB Jermaine Carter 0-0: Called Strike
0-1: Foul Ball, location: 2F
0-2: Foul Ball, location: 2F
0-2: Ball
1-2: Ball
2-2: Ball
3-2: SINGLE (Line Drive, 6D)
Joel Nelson to third
Runner from 3rd tries for Home, SAFE, no throw
Batting: SHB Dawson Fowler 0-0: Fly out, F4 (Popup, 4D)
Batting: RHB Jack Snyder 0-0: Ball
1-0: Ball
2-0: SINGLE (Groundball, 34) (infield hit)
Jermaine Carter to second
Batting: SHB Tony Yan 0-0: Ball
1-0: DOUBLE (Line Drive, 7LM)
Jermaine Carter scores
Jack Snyder to third
Batting: RHB Augusto Baiano 0-0: Called Strike
0-1: Foul Ball, location: 2F
0-2: Ball
1-2: Strikes out swinging
Bottom of the 1st over - 2 run(s), 3 hit(s), 0 error(s), 2 left on base; Gainesville 0 - Salem 2
TOP OF THE 2ND
Gainesville Guidos batting - Pitching for Salem Silver Souls : RHP António Rodríguez
Batting: RHB Kyle O'Day 0-0: SOLO HOME RUN (Flyball, 7D), Distance : 383 ft
Batting: LHB Mark Owens 0-0: Ball
1-0: Called Strike
1-1: Ground out 5-3 (Groundball, 5L)
Batting: RHB Denver Baker 0-0: Called Strike
0-1: Called Strike
0-2: Strikes out swinging
Batting: LHB Robbie Turner 0-0: Swinging Strike
0-1: Swinging Strike
0-2: Strikes out swinging
Top of the 2nd over - 1 run(s), 1 hit(s), 0 error(s), 0 left on base; Gainesville 1 - Salem 2
BOTTOM OF THE 2ND
Salem Silver Souls batting - Pitching for Gainesville Guidos : RHP Rodney Hall
Batting: SHB Francis Shaffer 0-0: Foul Ball, location: 2F
0-1: Ground out U3 (Groundball, 34S)
Batting: RHB Jaime Rodríguez 0-0: Ball
1-0: Called Strike
1-1: Reached on error, E6 (Groundball, 6)
Batting: LHB Joel Nelson 0-0: Ball
1-0: Ball
2-0: Foul Ball, location: 2F
2-1: Ball
3-1: Base on Balls
Jaime Rodríguez to second
Batting: LHB Hamilton Hughes 0-0: Called Strike
0-1: Swinging Strike
0-2: Foul Ball, location: 2F
0-2: Strikes out looking
Batting: LHB Jermaine Carter 0-0: Called Strike
0-1: Swinging Strike
0-2: Fielders Choice at 2nd, 4-6 (Groundball, 4)
Bottom of the 2nd over - 0 run(s), 0 hit(s), 1 error(s), 1 left on base; Gainesville 1 - Salem 2
TOP OF THE 3RD
Gainesville Guidos batting - Pitching for Salem Silver Souls : RHP António Rodríguez
Batting: RHB Augusto Baca 0-0: Ground out 6-3 (Groundball, 56)
Batting: LHB Pedro Juárez 0-0: Called Strike
0-1: Ground out U3 (Groundball, 3)
Batting: SHB Cornell Payne 0-0: Called Strike
0-1: Ball
1-1: Called Strike
1-2: Foul Ball, location: 2F
1-2: Strikes out swinging
Top of the 3rd over - 0 run(s), 0 hit(s), 0 error(s), 0 left on base; Gainesville 1 - Salem 2
BOTTOM OF THE 3RD
Salem Silver Souls batting - Pitching for Gainesville Guidos : RHP Rodney Hall
Batting: SHB Dawson Fowler 0-0: Foul Ball, location: 2F
0-1: Ball
1-1: SINGLE (Line Drive, 34)
Batting: RHB Jack Snyder 0-0: Grounds into double play, 6-4-3 (Groundball, 56)
Batting: SHB Tony Yan 0-0: Called Strike
0-1: Swinging Strike
0-2: Foul Ball, location: 2F
0-2: Strikes out swinging
Bottom of the 3rd over - 0 run(s), 1 hit(s), 0 error(s), 0 left on base; Gainesville 1 - Salem 2
TOP OF THE 4TH
Gainesville Guidos batting - Pitching for Salem Silver Souls : RHP António Rodríguez
Batting: RHB Adrián López 0-0: Fly out, F8 (Line Drive, 8LXD)
Batting: LHB Eddy Jefferson 0-0: Fly out, F4 (Popup, 4)
Batting: RHB Kyle O'Day 0-0: Swinging Strike
0-1: Foul Ball, location: 2F
0-2: Ball
1-2: Strikes out looking
Top of the 4th over - 0 run(s), 0 hit(s), 0 error(s), 0 left on base; Gainesville 1 - Salem 2
BOTTOM OF THE 4TH
Salem Silver Souls batting - Pitching for Gainesville Guidos : RHP Rodney Hall
Batting: RHB Augusto Baiano 0-0: Called Strike
0-1: Called Strike
0-2: Foul Ball, location: 2F
0-2: Ball
1-2: Strikes out swinging
Batting: SHB Francis Shaffer 0-0: Called Strike
0-1: Foul Ball, location: 2F
0-2: Ball
1-2: Foul Ball, location: 2F
1-2: Strikes out swinging
Batting: RHB Jaime Rodríguez 0-0: Ball
1-0: SINGLE (Groundball, 56) (infield hit)
Batting: LHB Joel Nelson 0-0: Ball
1-0: Foul Ball, location: 2F
1-1: Ball
2-1: Foul Ball, location: 2F
2-2: Foul Ball, location: 2F
2-2: Ball
3-2: Fly out, F9 (Flyball, 9)
Bottom of the 4th over - 0 run(s), 1 hit(s), 0 error(s), 1 left on base; Gainesville 1 - Salem 2
TOP OF THE 5TH
Gainesville Guidos batting - Pitching for Salem Silver Souls : RHP António Rodríguez
Batting: LHB Mark Owens 0-0: Called Strike
0-1: Ball
1-1: DOUBLE (Line Drive, 78D)
Batting: RHB Denver Baker 0-0: Ball
1-0: Foul Ball, location: 2F
1-1: Ball
2-1: Foul Ball, location: 2F
2-2: Strikes out swinging
Batting: LHB Robbie Turner 0-0: Ball
1-0: Ball
2-0: Ball
3-0: Called Strike
3-1: Base on Balls
Batting: RHB Augusto Baca 0-0: Ball
1-0: Ball
2-0: Ball
3-0: Called Strike
3-1: Called Strike
3-2: Base on Balls
Mark Owens to third
Robbie Turner to second
Batting: LHB Pedro Juárez 0-0: Foul Ball, location: 2F
0-1: Fly out, F7 (Flyball, 7LSF)
Runner from 3rd tags up, SCORES, no throw
Batting: SHB Cornell Payne 0-0: Fly out, F7 (Line Drive, 7)
Top of the 5th over - 1 run(s), 1 hit(s), 0 error(s), 2 left on base; Gainesville 2 - Salem 2
BOTTOM OF THE 5TH
Salem Silver Souls batting - Pitching for Gainesville Guidos : RHP Rodney Hall
Batting: LHB Hamilton Hughes 0-0: Ball
1-0: Fly out, F7 (Flyball, 7S)
Batting: LHB Jermaine Carter 0-0: Called Strike
0-1: Ball
1-1: Ball
2-1: Ball
3-1: Base on Balls
Batting: SHB Dawson Fowler 0-0: Foul Ball, location: 2F
0-1: Ball
1-1: Called Strike
1-2: Ball
2-2: Ball
3-2: Fielders Choice at 2nd, 5-4 (Groundball, 56)
Batting: RHB Jack Snyder 0-0: Called Strike
0-1: Ball
1-1: Foul Ball, location: 2F
1-2: Strikes out looking
Bottom of the 5th over - 0 run(s), 0 hit(s), 0 error(s), 1 left on base; Gainesville 2 - Salem 2
TOP OF THE 6TH
Gainesville Guidos batting - Pitching for Salem Silver Souls : RHP António Rodríguez
Batting: RHB Adrián López 0-0: Foul Ball, location: 2F
0-1: Ball
1-1: Swinging Strike
1-2: SINGLE (Groundball, 56D)
Batting: LHB Eddy Jefferson 0-0: Ball
1-0: Called Strike
1-1: Ball
2-1: Ball
3-1: Base on Balls
Adrián López to second
Pitching: RHP Patrick Williamson
Batting: RHB Kyle O'Day 0-0: Ball
1-0: Ball
2-0: Called Strike
2-1: Swinging Strike
2-2: Fly out, F7 (Flyball, 78M)
Batting: LHB Mark Owens 0-0: Called Strike
0-1: Ball
1-1: Ball
2-1: Called Strike
2-2: Foul Ball, location: 2F
2-2: Foul Ball, location: 2F
2-2: Ball
3-2: Foul Ball, location: 2F
3-2: Base on Balls
Adrián López to third
Eddy Jefferson to second
Batting: RHB Denver Baker 0-0: Ball
1-0: Called Strike
1-1: Foul Ball, location: 2F
1-2: Ball
2-2: Ball
3-2: Foul Ball, location: 2F
3-2: Foul Ball, location: 2F
3-2: Fly out, F9 (Line Drive, 9)
Runner from 3rd tags up, SCORES, throw made
Batting: LHB Robbie Turner 0-0: Ball
1-0: Called Strike
1-1: Called Strike
1-2: Ground out 5-3 (Groundball, 56S)
Top of the 6th over - 1 run(s), 1 hit(s), 0 error(s), 2 left on base; Gainesville 3 - Salem 2
BOTTOM OF THE 6TH
Salem Silver Souls batting - Pitching for Gainesville Guidos : RHP Rodney Hall
Batting: SHB Tony Yan 0-0: Called Strike
0-1: Ball
1-1: Ball
2-1: Swinging Strike
2-2: Foul Ball, location: 2F
2-2: Ball
3-2: Base on Balls
Pitching: RHP Josh Higgins
Batting: RHB Augusto Baiano 0-0: Called Strike
0-1: Ball
1-1: Fielders Choice at 2nd, 1-6 (Groundball, 13)
Batting: SHB Francis Shaffer 0-0: Ball
Augusto Baiano is caught stealing 2nd base
1-0: Foul Ball, location: 2F
1-1: Swinging Strike
1-2: Ground out 4-3 (Groundball, 4)
Bottom of the 6th over - 0 run(s), 0 hit(s), 0 error(s), 0 left on base; Gainesville 3 - Salem 2
TOP OF THE 7TH
Gainesville Guidos batting - Pitching for Salem Silver Souls : RHP Patrick Williamson
Batting: RHB Augusto Baca 0-0: Ball
1-0: Ball
2-0: Ball
3-0: Called Strike
3-1: Base on Balls
Batting: LHB Pedro Juárez 0-0: Sac Bunt - play at second, runner OUT! 1-6
Pinch Hitting: RHB Doug Coleman 0-0: Ball
1-0: Called Strike
1-1: Ball
2-1: DOUBLE (Line Drive, 9LM)
Pedro Juárez to third
Batting: RHB Adrián López 0-0: Ball
1-0: Ball
2-0: Ball
3-0: Base on Balls
Batting: LHB Eddy Jefferson 0-0: Ball
1-0: Foul Ball, location: 2F
1-1: Ball
2-1: Called Strike
2-2: Foul Ball, location: 2F
2-2: Ball
3-2: Strikes out swinging
Pitching: RHP Dave Williams
Batting: RHB Kyle O'Day 0-0: Ball
1-0: Foul Ball, location: 2F
1-1: Fly out, F9 (Flyball, 9LSF)
Top of the 7th over - 0 run(s), 1 hit(s), 0 error(s), 3 left on base; Gainesville 3 - Salem 2
BOTTOM OF THE 7TH
Salem Silver Souls batting - Pitching for Gainesville Guidos : RHP Josh Higgins
Now in CF: Mark McDonald
Batting: RHB Jaime Rodríguez 0-0: Called Strike
0-1: Swinging Strike
0-2: SINGLE (Groundball, 6D)
Batting: LHB Joel Nelson 0-0: Ball
1-0: Foul Ball, location: 2F
1-1: Called Strike
1-2: Strikes out swinging
Batting: LHB Hamilton Hughes 0-0: Ball
1-0: Swinging Strike
1-1: Ball
2-1: Called Strike
2-2: Fly out, F6 (Popup, 56)
Pinch Hitting: RHB Jim Villiers 0-0: Called Strike
0-1: Foul Ball, location: 2F
0-2: SINGLE (Groundball, 56D)
Jaime Rodríguez to second
Batting: SHB Dawson Fowler 0-0: Ball
1-0: SINGLE (Groundball, 34D)
Jaime Rodríguez to third
Jim Villiers to second
Runner from 3rd tries for Home, SAFE, no throw
Batting: RHB Jack Snyder 0-0: Ball
1-0: Ground out 6-3 (Groundball, 6S)
Bottom of the 7th over - 1 run(s), 3 hit(s), 0 error(s), 2 left on base; Gainesville 3 - Salem 3
TOP OF THE 8TH
Gainesville Guidos batting - Pitching for Salem Silver Souls : RHP Dave Williams
Now in CF: Jim Villiers
Batting: LHB Mark Owens 0-0: Called Strike
0-1: Foul Ball, location: 2F
0-2: Fly out, F4 (Popup, 4)
Batting: RHB Denver Baker 0-0: Ball
1-0: Swinging Strike
1-1: Fly out, F7 (Flyball, 7S)
Batting: LHB Robbie Turner 0-0: Called Strike
0-1: Swinging Strike
0-2: Ball
1-2: Strikes out swinging
Top of the 8th over - 0 run(s), 0 hit(s), 0 error(s), 0 left on base; Gainesville 3 - Salem 3
BOTTOM OF THE 8TH
Salem Silver Souls batting - Pitching for Gainesville Guidos : RHP Josh Higgins
Batting: SHB Tony Yan 0-0: Ground out U3 (Groundball, 34S)
Pinch Hitting: SHB Jesús Sosa 0-0: Ball
1-0: Called Strike
1-1: Foul Ball, location: 2F
1-2: Ball
2-2: Strikes out swinging
Batting: SHB Francis Shaffer 0-0: Ball
1-0: Swinging Strike
1-1: Ball
2-1: SOLO HOME RUN (Flyball, 89XD), Distance : 424 ft
Pitching: RHP Salvador De Jesús
Batting: RHB Jaime Rodríguez 0-0: Ball
1-0: Called Strike
1-1: Foul Ball, location: 2F
1-2: Ball
2-2: Strikes out swinging
Bottom of the 8th over - 1 run(s), 1 hit(s), 0 error(s), 0 left on base; Gainesville 3 - Salem 4
TOP OF THE 9TH
Gainesville Guidos batting - Pitching for Salem Silver Souls : RHP Dave Williams
Pitching: RHP Jeff Hansen
Now at 2B: Adam Thomas
Batting: RHB Augusto Baca 0-0: SINGLE (Flyball, 9S)
Pinch Runner at 1st Iván Moreno:
Batting: LHB Pedro Juárez 0-0: Ball
1-0: Called Strike
1-1: Foul Ball, location: 2F
1-2: Foul Ball, location: 2F
1-2: Foul Ball, location: 2F
1-2: Foul Ball, location: 2F
1-2: Grounds into double play, 6-4-3 (Groundball, 6)
Pinch Hitting: RHB Lynn Ford 0-0: Ball
1-0: Ball
2-0: Ball
3-0: Base on Balls
Pinch Hitting: SHB Kent Phillips 0-0: Called Strike
0-1: Ball
1-1: Called Strike
1-2: Strikes out swinging, 2-3 out at first.
Top of the 9th over - 0 run(s), 1 hit(s), 0 error(s), 1 left on base; Gainesville 3 - Salem 4
Tuesday, August 8th, 2017 - OOTP Baseball 17.12 Build 75